 Dungeon Crawl Stone Soup version 0.22-a0-247-gbddf880 (webtiles) character file.

111 Cedruin the Chopper (level 4, -1/41 HPs)
             Began as a Hill Orc Abyssal Knight on Feb 27, 2018.
             Was a Priest of Lugonu.
             Splashed by a jelly's acid (9 damage)
             ... on level 3 of the Dungeon.
             The game lasted 00:05:02 (3312 turns).

Cedruin the Chopper (Hill Orc Abyssal Knight)       Turns: 3312, Time: 00:05:03

Health: -1/41      AC:  0    Str: 15    XL:     4   Next: 92%
Magic:  5/5        EV:  8    Int: 12    God:    Lugonu [***...]
Gold:   139        SH:  6    Dex: 10    Spells: 3/3 levels left

rFire    . . .     SeeInvis .   a - +1 hand axe
rCold    . . .     Gourm    .   n - +0 shield
rNeg     . . .     Faith    +   b - +0 leather armour
rPois    .         Spirit   .   (no helmet)
rElec    .         Reflect  .   (no cloak)
rCorr    .         Harm     .   (no gloves)
MR       .....                  (no boots)
Stlth    +.........             l - amulet of faith
HPRegen  0.13/turn              (no ring)
MPRegen  0.09/turn              (no ring)

@: corroded
A: no striking features
a: Depart the Abyss, Bend Space, Banish, Renounce Religion


You were on level 3 of the Dungeon.
You worshipped Lugonu.
Lugonu was most pleased with you.
You were not hungry.

You visited 1 branch of the dungeon, and saw 3 of its levels.
You visited the Abyss 1 time.

You collected 139 gold pieces.

Inventory:

Hand Weapons
 a - a +1 hand axe (weapon)
Armour
 b - a +0 leather armour (worn)
 n - a +0 shield (worn)
Jewellery
 l - an amulet of faith (around neck)
Scrolls
 d - a scroll of teleportation {unknown}
 f - a scroll of blinking {unknown}
 g - 4 scrolls of identify {unknown}
 h - a scroll of random uselessness {unknown}
 i - a scroll of remove curse {unknown}
 p - a scroll of enchant weapon {unknown}
Potions
 e - 3 potions of curing {unknown}
 j - a potion of resistance {unknown}
 k - a potion of heal wounds {unknown}
 o - a potion of lignification {unknown}
Comestibles
 c - 3 rations
 m - 2 chunks of flesh


   Skills:
 + Level 4.8 Fighting
 * Level 5.5 Axes
 - Level 2.1 Armour
 - Level 0.7 Dodging
 - Level 2.4 Invocations


You had 3 spell levels left.
You didn't know any spells.

Dungeon Overview and Level Annotations

Branches:
Dungeon (3/15)

Altars:
Hepliaklqana
Nemelex Xobeh

Annotations:
D:3 Jessica


Message History

Jessica seems to speed up.
The jelly hits you.
You are splashed with acid!
The acid burns!
You block the leopard gecko's attack.
A gnoll comes into view. It is wielding a club.
The gnoll shouts!
You hit the leopard gecko but do no damage.
Your shield and leather armour prevent you from hitting the jelly.
Jessica casts a spell at you.
You barely resist. You block the jelly's attack.
The leopard gecko barely misses you.
You miss the leopard gecko. You hit the jelly.
Your hands burn!
The leopard gecko barely misses you. The jelly hits you. The acid corrodes you!
You are splashed with acid!
The acid burns!
Jessica hits you with a club.
* * * LOW HITPOINT WARNING * * *
The leopard gecko bites you.
* * * LOW HITPOINT WARNING * * *
Jessica shouts, "Stop bothering me, or I'll kill you!"
You block Jessica's attack. The jelly hits you.
* * * LOW HITPOINT WARNING * * *
You are splashed with acid!
The acid burns!
You die...

. .# #. . #.
.## .g ... #
.####.# #.
.....####
#..#.l......
#...@.......
#..@J$....[.
#.!#.#+#####
#..#.# #.
... #? #.# .
#.# #. #.#


You could see a jelly, a gnoll, Jessica and a leopard gecko.

Vanquished Creatures
  4 adders (D:2)
  An ooze (D:1)
  A dart slug (D:1)
  A worm (D:2)
  3 leopard geckos
  3 giant cockroaches
  5 goblins
  8 hobgoblins
  9 jackals (D:1)
  8 bats
  7 frilled lizards
  2 kobolds (D:1)
  8 rats
60 creatures vanquished.

Notes
Turn   | Place    | Note
-------+----------+-------------------------------------------
     0 | Abyss:1  | Cedruin the Hill Orc Abyssal Knight began the quest for the Orb.
     0 | Abyss:1  | Reached XP level 1. HP: 19/19 MP: 2/2
    15 | D:1      | Escaped the Abyss
    34 | D:1      | Reached skill level 3 in Axes
    40 | D:1      | Reached XP level 2. HP: 8/27 MP: 3/3
    51 | D:1      | HP: 1/27 [goblin/club (4)]
   506 | D:1      | Reached ** piety under Lugonu
   610 | D:1      | Reached skill level 4 in Axes
   649 | D:1      | Reached XP level 3. HP: 33/33 MP: 4/4
  1468 | D:2      | Reached XP level 4. HP: 28/41 MP: 5/5
  1728 | D:2      | Reached skill level 5 in Axes
  1981 | D:2      | Reached *** piety under Lugonu
  2277 | D:2      | Found a sparkling altar of Nemelex Xobeh.
  2339 | D:2      | HP: 2/41 [worm (10)]
  2923 | D:2      | Found a hazy altar of Hepliaklqana.
  3301 | D:3      | Noticed Jessica
  3312 | D:3      | Splashed by a jelly's acid

Vault maps used:
D:1:      minmay_arrival_solitary_statue
D:2:      lemuel_coloured_pillars_altar, nemelex_lonely_heart_becter
D:3:      overflow_temple_1_default, first_ration, grunt_gozag_statues,
          uniq_jessica

Skill      XL: |  1  2  3  4 |
---------------+-------------+-----
Axes           | 3 4 5 |  5.5
Fighting       | 4 |  4.8
Armour         | |  2.1
Dodging        | |  0.7
Invocations    | |  2.4

Action                   |  1- 3 |  4- 6 || total
-------------------------+-------+-------++-------
Melee: Hand axe          |   105 |    80 ||   185
 Stab: Sleeping          |     1 |       ||     1
  Eat: Chunk             |     2 |     6 ||     8
Armor: Leather armour    |    36 |    13 ||    49
Dodge: Dodged            |    81 |    28 ||   109
Block: Shield            |       |    14 ||    14

Table legend:
 A = Spawn XP
 B = Non-spawn XP
 C = Spawn XP percentage of total XP
 D = Spawn monster count
 E = Non-spawn monster count
 F = Spawn count percentage of total count
 G = Total turns spent on level
                    A         B        C        D         E        F      G
               +---------+---------+-------+---------+---------+-------+---------
         Total |       0 |     159 |   0.0 |       0 |      60 |   0.0 |  3312
               +---------+---------+-------+---------+---------+-------+---------
           D:1 |       0 |      69 |   0.0 |       0 |      35 |   0.0 |  1442
           D:2 |       0 |      90 |   0.0 |       0 |      25 |   0.0 |  1844
               +---------+---------+-------+---------+---------+-------+---------
